 Dungeon Crawl Stone Soup version 0.29-a0-962-gc8bbfd0a37 (webtiles) character file.

Game seed: 9079124591440844564

1549746 vurker the Conqueror (level 27, 240/240 (273) HPs)
             Began as a Minotaur Fighter on July 30, 2022.
             Was a High Priest of Ru.
             Escaped with the Orb
             ... and 3 runes on July 31, 2022!
             The game lasted 02:19:24 (84700 turns).

vurker the Conqueror (Minotaur Fighter)            Turns: 84700, Time: 02:19:24

HP:   240/240 (273) AC: 47    Str: 36      XL:     27
MP:   22/22         EV: 20    Int:  3 (5)  God:    Ru [*****.]
Gold: 3768          SH: 25    Dex: 10      Spells: 26/26 levels left

rFire   + + +      SeeInvis .   b - +18 lance "Wyrmbane" {slay drac, rPois rF+ rC+ AC+3}
rCold   + + +      Faith    .   o - +1 tower shield {rC+}
rNeg    + + .      Spirit   .   s - +7 gold dragon scales
rPois   +          Reflect  .   A - -2 hat of the Alchemist {rElec rPois rF+ rC+ rN+ Will+ rMut rCorr}
rElec   +          Harm     .   J - +4 dragonskin cloak
rCorr   +          Rampage  .   p - +1 pair of gloves {Str+3}
rMut    +          Clarity  +   j - +1 pair of boots {Fly}
Will    +++++                   x - amulet of the Four Winds {rN+ Will+++ Clar}
Stlth   ..........              G - +4 ring of evasion
HPRegen 0.50/turn               C - +4 ring of slaying
MPRegen 0.18/turn

@: flying, studying 3 skills, heavily drained
A: horns 2, clumsy 1, no stealth, inability to use devices, hated by all, no ice
magic, no necromancy magic, no transmutations magic, retaliatory headbutt,
deterioration 1
0: Orb of Zot
}: 3/15 runes: serpentine, barnacled, silver
a: Renounce Religion, Draw Out Power, Power Leap, Apocalypse


You escaped.
You worshipped Ru.
Ru was extremely pleased with you.
You visited 11 branches of the dungeon, and saw 51 of its levels.
You also visited: Trove and Ice Cave.

You collected 10105 gold pieces.
You spent 6337 gold pieces at shops.

Inventory:

Hand Weapons
 a - a +9 vampiric broad axe
   (You took it off a vault warden on level 4 of the Vaults)
 b - the +18 lance "Wyrmbane" (weapon) {slay drac, rPois rF+ rC+ AC+3}
   (You found it on level 5 of the Vaults)

   It inflicts extra damage against dragons and draconians.
   AC:        It affects your AC (+3).
   rF:        It protects you from fire.
   rC:        It protects you from cold.
   rPois:     It protects you from poison.
 z - the +8 broad axe "Killer Klown's Peril" {holy, Fly rPois Dex+4}
   (You took it off a fire giant on level 3 of the Depths)

   It has been blessed by the Shining One to cause great damage to the undead
   and demons.
   Dex:       It affects your dexterity (+4).
   rPois:     It protects you from poison.
   Fly:       It grants you flight.
 I - a +9 broad axe of electrocution
   (You acquired it on level 3 of the Snake Pit)
Armour
 j - a +1 pair of boots of flying (worn)
   (You bought it in a shop on level 4 of the Vaults)
 o - a +1 tower shield of cold resistance (worn)
   (You took it off a naga warrior on level 4 of the Snake Pit)
 p - a +1 pair of gloves of strength (worn)
   (You found it on level 4 of the Shoals)
 s - +7 gold dragon scales (worn)
   (You found it on level 4 of the Vaults)
 A - the -2 hat of the Alchemist (worn) {rElec rPois rF+ rC+ rN+ Will+ rMut rCorr}
   (You bought it in a shop on level 3 of the Vaults)

   rF:        It protects you from fire.
   rC:        It protects you from cold.
   rElec:     It insulates you from electricity.
   rPois:     It protects you from poison.
   rN:        It protects you from negative energy.
   rCorr:     It protects you from acid and corrosion.
   rMut:      It protects you from mutation.
   Will:      It increases your willpower.
 J - the +4 dragonskin cloak (worn)
   (You took it off Tiamat on level 2 of the Realm of Zot)

   It grants the wearer a chance to resist fire, cold, poison, electricity,
   acid, and negative energy.
Jewellery
 g - a ring of resist corrosion
   (You found it on level 2 of the Realm of Zot)
 h - a ring of flight
   (You found it on level 4 of the Realm of Zot)
 k - a ring of positive energy
   (You found it on level 8 of the Dungeon)
 v - a ring of see invisible
   (You found it on level 3 of the Dungeon)
 x - the amulet of the Four Winds (around neck) {rN+ Will+++ Clar}
   (You bought it in a shop on level 1 of the Elven Halls)

   [amulet of nothing]

   rN:        It protects you from negative energy.
   Clar:      It protects you against confusion.
   Will:      It greatly increases your willpower.
 C - a +4 ring of slaying (right hand)
   (You found it on level 3 of the Shoals)
 G - a +4 ring of evasion (left hand)
   (You found it on level 3 of the Snake Pit)
 K - a ring of poison resistance
   (You took it off a draconian scorcher on level 5 of the Realm of Zot)
 N - a +4 ring of slaying
   (You found it on level 3 of the Elven Halls)
Scrolls
 e - 8 scrolls of immolation
 l - 37 scrolls of teleportation
 q - 13 scrolls of blinking
 t - a scroll of brand weapon
 y - 9 scrolls of fear
 D - a scroll of enchant weapon
 P - a scroll of magic mapping
 T - 3 scrolls of silence
Potions
 c - 7 potions of haste
 d - 3 potions of ambrosia
 f - 7 potions of mutation
 i - 20 potions of heal wounds (quivered)
 m - 25 potions of curing
 n - 7 potions of lignification
 r - 3 potions of berserk rage
 u - 5 potions of invisibility
 w - 3 potions of resistance
 B - 12 potions of flight
 E - 4 potions of cancellation
 F - 7 potions of brilliance
 H - 2 potions of magic
 L - 6 potions of might


   Skills:
 O Level 27 Fighting
 - Level 2.5 Long Blades
 + Level 24.2(26.1) Axes
 + Level 17.6(23.0) Polearms
 O Level 27 Armour
 * Level 25.2 Dodging
 O Level 27 Shields


You had 26 spell levels left.
You didn't know any spells.
Your spell library contained the following spells:

 Spells                   Type           Power      Damage    Failure   Level
 Apportation              Tloc           0%         N/A       94%         1
 Foxfire                  Conj/Fire      0%         2x1d4     94%         1
 Magic Dart               Conj           0%         1d3       94%         1
 Sandblast                Erth           0%         2d4       94%         1
 Shock                    Conj/Air       0%         1d3       94%         1
 Slow                     Hex            0%         N/A       94%         1
 Blink                    Tloc           0%         N/A       98%         2
 Poisonous Vapours        Pois/Air       0%         N/A       98%         2
 Scorch                   Fire           0%         2d5       98%         2
 Static Discharge         Conj/Air       0%         3-3/arc   98%         2
 Confusing Touch          Hex            0%         N/A       100%        3
 Conjure Flame            Conj/Fire      0%         6-21      100%        3
 Gell's Gravitas          Tloc           0%         N/A       100%        3
 Inner Flame              Hex/Fire       0%         N/A       100%        3
 Lesser Beckoning         Tloc           0%         N/A       100%        3
 Mephitic Cloud           Conj/Pois/Air  0%         N/A       100%        3
 Portal Projectile        Hex/Tloc       0%         N/A       100%        3
 Stone Arrow              Conj/Erth      0%         3d7       100%        3
 Swiftness                Air            0%         N/A       100%        3
 Teleport Other           Tloc           0%         N/A       100%        3
 Airstrike                Air            0%         0-1+      100%        4
 Cause Fear               Hex            0%         N/A       100%        4
 Flame Wave               Conj/Fire      0%         2d4       100%        4
 Fulminant Prism          Conj/Hex       0%         3d6       100%        4
 Iskenderun's Mystic Bla  Conj/Tloc      0%         2d3       100%        4
 Leda's Liquefaction      Hex/Erth       0%         N/A       100%        4
 Olgreb's Toxic Radiance  Pois           0%         N/A       100%        4
 Passage of Golubria      Tloc           0%         N/A       100%        4
 Sticky Flame             Conj/Fire      0%         2d3       100%        4
 Fireball                 Conj/Fire      0%         3d3       100%        5
 Lee's Rapid Deconstruct  Erth           0%         3d5*      100%        5
 Lightning Bolt           Conj/Air       0%         1d11      100%        5
 Manifold Assault         Tloc           0%         N/A       100%        5
 Silence                  Hex/Air        0%         N/A       100%        5
 Dispersal                Tloc           0%         N/A       100%        6
 Starburst                Conj/Fire      0%         6d3       100%        6
 Enfeeble                 Hex            0%         N/A       100%        7
 Orb of Destruction       Conj           0%         9d5       100%        7
 Discord                  Hex            0%         N/A       100%        8
 Ignition                 Fire           0%         3d3       100%        8
 Maxwell's Capacitive Co  Air            0%         ∞         100%        8
 Chain Lightning          Conj/Air       0%         N/A       100%        9
 Fire Storm               Conj/Fire      0%         5d1       100%        9
 Shatter                  Erth           0%         3d5*      100%        9
 Call Imp                 Summ           Unusable   N/A       N/A         2
 Ensorcelled Hibernation  Hex/Ice        Unusable   N/A       N/A         2
 Passwall                 Tmut/Erth      Unusable   N/A       N/A         2
 Ignite Poison            Fire/Tmut/Pois Unusable   N/A       N/A         3
 Ozocubu's Armour         Ice            Unusable   N/A       N/A         3
 Spider Form              Tmut/Pois      Unusable   N/A       N/A         3
 Summon Guardian Golem    Hex/Summ       Unusable   N/A       N/A         3
 Tukima's Dance           Hex            Unusable   N/A       N/A         3
 Vampiric Draining        Necr           Unusable   2d6       N/A         3
 Anguish                  Hex/Necr       Unusable   N/A       N/A         4
 Animate Dead             Necr           Unusable   N/A       N/A         4
 Dispel Undead            Necr           Unusable   3d6       N/A         4
 Alistair's Intoxication  Tmut/Pois      Unusable   N/A       N/A         5
 Blade Hands              Tmut           Unusable   N/A       N/A         5
 Borgnjor's Vile Clutch   Necr/Erth      Unusable   N/A       N/A         5
 Freezing Cloud           Conj/Ice/Air   Unusable   6-21      N/A         5
 Metabolic Englaciation   Hex/Ice        Unusable   N/A       N/A         5
 Summon Forest            Summ/Tloc      Unusable   N/A       N/A         5
 Yara's Violent Unravell  Hex/Tmut       Unusable   3d3       N/A         5
 Death Channel            Necr           Unusable   N/A       N/A         6
 Eringya's Noxious Bog    Tmut/Pois      Unusable   N/A       N/A         6
 Simulacrum               Ice/Necr       Unusable   N/A       N/A         6
 Statue Form              Tmut/Erth      Unusable   N/A       N/A         6
 Ozocubu's Refrigeration  Ice            Unusable   4d5       N/A         7
 Spellforged Servitor     Conj/Summ      Unusable   N/A       N/A         7
 Summon Hydra             Summ           Unusable   N/A       N/A         7

Dungeon Overview and Level Annotations

Branches:
Dungeon (15/15)            Temple (0/1) D:7            Lair (5/5) D:11
 Shoals (4/4) Lair:2        Snake (4/4) Lair:3        Slime (1/5) Lair:4
    Orc (2/2) D:11            Elf (3/3) Orc:2        Vaults (5/5) D:13
  Crypt (3/3) Vaults:2       Tomb (0/3) Crypt:3      Depths (4/4) D:15
    Zot (5/5) Depths:4      IceCv (visited)

Altars:
Ashenzari
Cheibriados
Dithmenos
Elyvilon
Gozag
Kikubaaqudgha
Makhleb
Okawaru
Qazlal
Ru
Sif Muna
Trog
Uskayaw
Vehumet
Wu Jian
Xom

Shops:
D:2 *   D:4 !   D:8 [   Orc:2 [:(*   Elf:1 :==*   Elf:2 *   Elf:3 (
Shoals:2 ?   Snake:2 !   Snake:3 =!(=?   Vaults:3 !:[[*   Vaults:4 [
Depths:2 (   Depths:4 **![

Portals:
Hell: Depths:1 Depths:2 Depths:3 Depths:4
Abyss: Depths:1 Depths:3
Pandemonium: Depths:2 Depths:4
Ziggurat: Depths:1
Bazaar: Depths:4

Annotations:
D:12 2 runed translucent doors, Gipsak's ghost, journeyman MiBe
Shoals:1 1 runed translucent door, Xiwoan's ghost, adept GnFi
Snake:1 1 transporter
Abyss:1 Louise


Innate Abilities, Weirdness & Mutations

You have a pair of horns on your head.
You are clumsy. (Dex -2)
You cannot be stealthy.
You cannot study or use magical devices.
You are hated by all.
You cannot study or cast Ice magic.
You cannot study or cast Necromancy magic.
You cannot study or cast Transmutations magic.
You reflexively headbutt those who attack you in melee.
Your body sometimes deteriorates upon taking damage.


Message History

You reveal the great annihilating truth to your foes!
You kill the tormentor!
Liwa slows down under the weight of truth!
You kill the neqoxec!
You feel drained.
You hear a roar!
A green death comes into view.
There is a stone staircase leading up here.
You fly upwards.
There is a stone staircase leading down here.
(D) Dungeon (T) Temple (L) Lair (A) Shoals (P) Snake Pit (M) Slime Pits (O) Orcish Mines (E) Elven Halls (V) Vaults (C) Crypt (W) Tomb (U) Depths (H) Hell (Z) Zot
Where to? (Enter - D:1 @ (x,y), ? - help)
An Orb Guardian comes into view.
The Orb Guardian moves out of view.
You reach to attack!
You hit the Orb Guardian.
You reach to attack!
You impale the Orb Guardian!! You puncture the Orb Guardian!
You headbutt the Orb Guardian! You block the Orb Guardian's attack.
You hit the Orb Guardian. Your headbutt misses the Orb Guardian.
You block the Orb Guardian's attack.
You hit the Orb Guardian. You impale the Orb Guardian!!
You kill the Orb Guardian!
No target in view!
Unknown command.
(D) Dungeon (T) Temple (L) Lair (A) Shoals (P) Snake Pit (M) Slime Pits (O) Orcish Mines (E) Elven Halls (V) Vaults (C) Crypt (W) Tomb (U) Depths (H) Hell (Z) Zot
Where to? (Enter - D:1 @ (x,y), ? - help)
An ice devil comes into view.
You reach to attack!
You impale the ice devil!!
You reach to attack!
You skewer the ice devil like a kebab!!!
You kill the ice devil!
No target in view!
No target in view!
(D) Dungeon (T) Temple (L) Lair (A) Shoals (P) Snake Pit (M) Slime Pits (O) Orcish Mines (E) Elven Halls (V) Vaults (C) Crypt (W) Tomb (U) Depths (H) Hell (Z) Zot
Where to? (Enter - D:1 @ (x,y), ? - help)
You feel less exhausted. As you open the door, it creaks loudly!
There is an open door here.
There is a staircase leading out of the dungeon here.
You have escaped!

...# ##.###...+#.##..........)...
...# #..##...##...#########......
...###.###..##.....##............
.†.........##.......########.....
...##.######.........+# #.######
...##.# ##...........## #.######
...#..# #.............# #.#.....
####.#####.............###.......
####.##..#......@....(.##.......†
.........#.............#..###'##.
####.#####.............#...#≈≈≈#.
#........##...........##.#.'≈≈≈+.
.....####.##.........##..###≈≈≈#.
###....#####'.......+#.#.####+##.
#.##.## #.##.....##..#.##.#....
##.##..####.###.####.##.##.##...
#..###..###...#.#....##.##.#....


There were no monsters in sight!

Vanquished Creatures
  A dread lich (Zot:5)
  Tiamat (Zot:2)
  Khufu (Crypt:1)
  2 ancient liches
  7 orbs of fire
  2 juggernauts
  Sojobo (Crypt:3)
  3 royal mummies
  Bai Suzhen (Crypt:3)
  9 Killer Klowns
  Frederick (Depths:3)
  A caustic shrike (Depths:3)
  Nikola (Vaults:3)
  12 golden dragons
  2 bone dragons (Depths:4)
  Jory (Crypt:2)
  3 electric golems
  2 Tzitzimimeh (D:10)
  A hellephant (Depths:4)
  A shard shrike zombie (Crypt:3)
  Zenata (Elf:1)
  23 tentacled monstrosities
  2 walking crystal tomes (Depths:3)
  4 liches
  A walking frostbound tome (Depths:4)
  30 Orb Guardians
  3 deep elf blademasters
  A shard shrike skeleton (Crypt:2)
  2 walking divine tomes (Depths:3)
  Asterion (Depths:1)
  4 titans
  7 quicksilver dragons
  A deep elf master archer (Elf:3)
  3 ancient champions
  An Executioner (D:5)
  3 sphinxes
  An acid blob (Zot:5)
  Gastronok (D:8)
  10 death cobs
  Donald (Crypt:2)
  Kirke (Shoals:4)
  10 tengu reavers
  Polyphemus (Shoals:2)
  13 storm dragons
  A revenant (Crypt:1)
  Roxanne (Elf:2)
  11 draconian monks
  11 shadow dragons
  12 draconian scorchers
  A caustic shrike zombie (Crypt:1)
  11 nagarajas (Snake:4)
  9 deep elf sorcerers
  8 frost giants
  3 ghost moths
  12 fire giants
  4 deep elf elementalists (Elf:3)
  3 ghouls (Crypt:2)
  6 draconian knights
  An iron dragon (Depths:3)
  19 vault wardens
  2 juggernaut zombies (Crypt:3)
  6 draconian shifters
  3 curse skulls
  9 draconian annihilators
  6 draconian stormcallers
  4 war gargoyles
  5 reapers (Crypt:3)
  6 spriggan defenders
  22 very ugly things
  12 vampire knights
  27 ironbound preservers
  A caustic shrike skeleton (Crypt:2)
  17 stone giants
  18 green draconians
  7 deep elf annihilators (Elf:3)
  11 dire elephants
  8 ironbound thunderhulks
  5 deep elf demonologists (Elf:3)
  Azrael (Elf:1)
  14 black draconians
  2 entropy weavers
  12 purple draconians
  5 white draconians
  14 yellow draconians
  3 minotaurs (Shoals:4)
  14 red draconians
  An entropy weaver (shapeshifter) (Vaults:5)
  3 spark wasps
  10 eidola
  A blizzard demon (D:14)
  15 deep elf death magi
  3 merfolk javelineers
  7 fire dragons
  18 jiangshi
  6 great orbs of eyes
  Josephine (D:11)
  6 merfolk impalers
  13 yaktaur captains
  14 ettins
  6 deep elf high priests
  14 hydras
  4 rakshasas
  2 boulder beetles
  38 vault guards
  4 spriggan air magi
  4 catoblepae
  A peacekeeper (Vaults:3)
  10 ice dragons
  3 anacondas
  2 ogre magi
  2 ironbound frosthearts (Vaults:3)
  A death knight (Vaults:2)
  6 merfolk avatars
  Erica (D:8)
  2 salamander tyrants (Snake:4)
  A two-headed ogre (shapeshifter) (D:13)
  A merfolk aquamancer (Shoals:3)
  11 naga warriors
  18 centaur warriors
  7 hell hogs (Depths:4)
  4 two-headed ogres
  31 dancing weapons
  6 death yaks
  9 deep troll earth magi
  10 satyrs
  4 tengu warriors
  12 vampire magi
  5 spriggan berserkers
  10 naga sharpshooters
  9 shock serpents
  12 hell knights
  A soul eater (Crypt:3)
  4 spriggans
  A sun demon (Depths:2)
  A titan skeleton (Crypt:3)
  24 deep elf knights
  19 skeletal warriors
  4 iron trolls (Depths:3)
  A shadow wraith (Vaults:4)
  An anaconda zombie (Crypt:3)
  2 salamander mystics
  A spark wasp zombie (D:15)
  A storm dragon skeleton (Crypt:2)
  6 sea snakes
  A sixfirhy (Depths:2)
  2 golden dragon zombies
  An iron giant zombie (Crypt:3)
  3 naga ritualists (Snake:4)
  2 bunyip zombies (Crypt:3)
  A flayed ghost (Depths:3)
  17 deep elf archers
  86 deep trolls
  5 glowing orange brains
  2 bog bodies (Crypt:2)
  Pikel (D:5)
  10 harpies
  11 ironbound convokers
  An anaconda skeleton (Crypt:3)
  6 wizards
  An iron dragon zombie (Crypt:3)
  24 phantasmal warriors
  20 necromancers
  21 lindwurms
  2 obsidian statues (Zot:1)
  35 deep elf zephyrmancers
  17 fauns
  26 deep elf pyromancers
  2 orc knights
  4 oklob plants (Zot:1)
  A harpy (shapeshifter) (Vaults:5)
  53 ugly things
  14 manticores
  2 orc sorcerers
  A fire giant zombie (D:15)
  7 mana vipers
  2 shadow dragon skeletons
  A salamander (shapeshifter) (Elf:1)
  15 cyclopes
  A tengu skeleton (Crypt:3)
  18 moths of wrath
  An iron dragon skeleton (Crypt:3)
  A stone giant skeleton (Crypt:1)
  10 salamanders
  6 water nymphs
  13 merfolk sirens
  3 dire elephant zombies (Crypt:3)
  9 guardian serpents
  18 black mambas
  11 elephants
  15 vault sentinels
  A guardian serpent (shapeshifter) (D:14)
  An eye of devastation (shapeshifter) (Vaults:4)
  Maurice (D:8)
  4 centaur zombies (Crypt:3)
  16 naga magi
  Maggie (D:10)
  An ice statue (IceCv)
  2 rust devils (D:12)
  2 molten gargoyles (Lair:5)
  2 smoke demons (Depths:2)
  10 cane toads
  2 dire elephant skeletons (Crypt:3)
  A naga skeleton (Crypt:3)
  A catoblepas zombie (Crypt:2)
  A hellion (Depths:2)
  An efreet (D:15)
  38 yaktaurs
  12 ice devils
  An alligator snapping turtle skeleton (Crypt:3)
  11 freezing wraiths
  2 rime drakes
  A tormentor (D:2)
  10 komodo dragons
  3 unseen horrors
  A kobold demonologist (D:13)
  4 anaconda simulacra (IceCv)
  2 tengu conjurers
  A minotaur skeleton (Crypt:1)
  14 hellwings
  2 red devils
  A polar bear (Lair:1)
  A guardian mummy (Crypt:3)
  7 trolls
  4 hornets
  A polar bear (shapeshifter) (D:14)
  5 wind drakes
  12 slime creatures
  2 spriggan zombies
  A tarantella (Vaults:2)
  34 merfolk
  A slime creature (shapeshifter) (Elf:3)
  6 snapping turtles
  3 harpy skeletons (Crypt:3)
  13 blink frogs
  10 dream sheep
  An ettin zombie (Crypt:1)
  An alligator zombie (Crypt:1)
  An alligator skeleton (Crypt:2)
  22 water elementals
  5 flying skulls (Crypt:2)
  2 spriggan skeletons (Depths:1)
  An ettin skeleton (Depths:1)
  15 wraiths
  9 basilisks
  A culicivora (Vaults:2)
  An ice dragon skeleton (Crypt:1)
  A fire dragon skeleton (Crypt:1)
  4 wyverns
  A shadow (D:11)
  2 vampires (Crypt:2)
  A dire elephant simulacrum (IceCv)
  9 fire elementals
  5 hogs (Shoals:4)
  Grum (D:9)
  A neqoxec (D:2)
  2 ushabtiu (Crypt:3)
  2 golden eyes (D:10)
  50 yaks
  3 fire bats (Depths:3)
  4 steam dragons
  7 death yak simulacra
  3 wargs
  8 redbacks
  6 vampire mosquitoes (D:13)
  A swamp worm (shapeshifter) (Vaults:5)
  A harpy simulacrum (IceCv)
  35 nagas
  A naga zombie (Crypt:3)
  10 water moccasins
  A cane toad zombie (Crypt:2)
  7 hell hounds
  A glowing orange brain zombie (Crypt:2)
  2 floating eyes (shapeshifter)
  12 orc warriors
  A sky beast (D:7)
  A black bear (shapeshifter) (Vaults:5)
  A cane toad skeleton (Crypt:1)
  7 ogres
  6 black bears
  A swamp dragon skeleton (Crypt:3)
  4 boggarts
  18 wolves
  19 centaurs
  A shining eye zombie (Crypt:1)
  4 kobold brigands
  11 bullfrogs
  A necrophage (D:5)
  4 earth elementals
  2 scorpions
  7 two-headed ogre simulacra
  2 gnoll sergeants
  3 cane toad simulacra (IceCv)
  3 wights (D:7)
  10 wyvern skeletons (Crypt:3)
  A water moccasin skeleton (Crypt:2)
  4 elephant simulacra (IceCv)
  A polar bear zombie (Crypt:1)
  A shapeshifter skeleton (Crypt:1)
  An electric eel (Lair:3)
  5 lava snakes (Lair:5)
  2 howler monkeys
  6 quasits (D:12)
  A black bear zombie (Crypt:1)
  5 hounds
  3 gnoll boudas
  5 orc priests
  A jelly (D:6)
  6 hell rats (Lair:3)
  13 orc wizards
  3 iguanas
  3 lightning spires (Zot:1)
  4 polar bear simulacra (IceCv)
  2 troll simulacra (D:12)
  3 spriggan simulacra
  3 wolf simulacra (IceCv)
  A mummy (Crypt:1)
  21 gnolls
  2 naga simulacra
  7 adders
  A swamp drake skeleton (Crypt:2)
  2 shadow imps
  3 white imps
  4 ufetubi
  An adder zombie (D:3)
  A lava snake skeleton (Crypt:1)
  A worm (D:5)
  48 orcs
  11 endoplasms
  7 giant cockroaches
  4 goblins
  6 hobgoblins
  4 jackals
  5 quokkas
  9 ball pythons
  A ball python zombie (D:3)
  5 bats
  3 frilled lizards
  A giant cockroach zombie (D:3)
  6 kobolds
  A kobold skeleton (Crypt:2)
  4 rats
  A spectral kobold (D:1)
2271 creatures vanquished.

Vanquished Creatures (others)
  A Killer Klown (Zot:5)
  A tentacled monstrosity (Zot:3)
  A hellephant (Depths:4)
  A quicksilver dragon (Zot:2)
  A deep elf master archer (Elf:3)
  A sphinx (Vaults:5)
  A tengu reaver (Crypt:3)
  2 draconian knights
  A draconian annihilator (Zot:1)
  A deep elf elementalist (Elf:3)
  2 draconian stormcallers
  A vampire knight (Depths:3)
  A red draconian (Zot:2)
  A white draconian (Zot:3)
  A dire elephant (Vaults:1)
  A purple draconian (Zot:1)
  An ettin (Orc:2)
  A jiangshi (Crypt:2)
  4 vault guards
  An anaconda (Snake:2)
  A hydra (Depths:2)
  A dancing weapon (Elf:2)
  2 deep troll earth magi (Depths:3)
  A deep troll (Vaults:2)
  A deep elf archer (Elf:1)
  A necromancer (Crypt:3)
  A lindwurm (Vaults:1)
  4 deep elf zephyrmancers
  A deep elf pyromancer (Elf:1)
  An ironbound convoker (Vaults:2)
  A phantasmal warrior (Vaults:4)
  An ugly thing (Depths:3)
  2 moths of wrath
  A black mamba (Snake:4)
  A troll (D:10)
  A slime creature (Vaults:1)
  A redback (Elf:2)
  3 nagas
  A water moccasin (Lair:2)
  A lightning spire (Zot:1)
  A gnoll (D:7)
  An orc (Vaults:5)
  A goblin (D:4)
  2 demonic plants (D:12)
  94 fungi
  40 plants
  24 withered plants
215 creatures vanquished.

Grand Total: 2486 creatures vanquished

Notes
Turn   | Place    | Note
-------+----------+-------------------------------------------
     0 | D:1      | vurker the Minotaur Fighter began the quest for the Orb.
     0 | D:1      | Reached XP level 1. HP: 19/19 MP: 0/0
   325 | D:1      | Found a faded altar of an unknown god.
   404 | D:1      | Reached XP level 2. HP: 27/27 MP: 1/1
   851 | D:2      | Reached skill level 1 in Dodging
   851 | D:2      | Reached XP level 3. HP: 30/33 MP: 2/2
   957 | D:2      | Identified the +7 mace of True Grit {holy, Will+ Str+3
                  | Int+4}
  1201 | D:2      | Found Uzxu's General Store.
  1205 | D:2      | Reached XP level 4. HP: 40/40 MP: 3/3
  1579 | D:3      | Found a sacrificial altar of Ru.
  1608 | D:3      | Became a worshipper of Ru the Awakened
  1790 | D:3      | Found a basalt altar of Yredelemnul.
  1792 | D:3      | Identified the +7 hand axe of Xoihosch {vorpal, rC+ Dex+2}
  1897 | D:3      | Found a radiant altar of Vehumet.
  2035 | D:3      | Found an opulent altar of Gozag.
  2036 | D:3      | Found a white marble altar of Elyvilon.
  2115 | D:4      | Found Xiakasuw's Distillery.
  2151 | D:4      | Gained mutation: You are hated by all. [Ru sacrifice]
  2151 | D:4      | Reached * piety under Ru
  2217 | D:4      | Bought a potion of curing for 36 gold pieces
  2256 | D:4      | Noticed a gnoll sergeant
  2279 | D:4      | Killed a gnoll sergeant
  2280 | D:4      | Reached XP level 5. HP: 37/47 MP: 4/4
  2382 | D:4      | Reached XP level 6. HP: 49/53 MP: 5/5
  2420 | D:4      | Reached skill level 5 in Axes
  2783 | D:4      | Found a snail-covered altar of Cheibriados.
  2783 | D:4      | Found an ornate altar of the Wu Jian Council.
  2842 | D:2      | Bought a scroll of blinking for 75 gold pieces
  2890 | D:5      | Entered Level 5 of the Dungeon
  2894 | D:5      | Identified the +5 war axe of Qoybb {protect, Int+2}
  2902 | D:5      | Found an iron altar of Okawaru.
  2902 | D:5      | Found a shimmering blue altar of Sif Muna.
  2903 | D:5      | Found a hide-covered altar of Uskayaw.
  2928 | D:5      | Reached skill level 5 in Shields
  2930 | D:5      | Reached skill level 5 in Fighting
  2930 | D:5      | Reached skill level 5 in Armour
  3108 | D:5      | Reached XP level 7. HP: 58/61 MP: 6/6
  3401 | D:5      | Found a shimmering altar of Xom.
  3909 | D:6      | Noticed Pikel
  3918 | D:5      | Killed Pikel
  3919 | D:5      | Reached XP level 8. HP: 60/70 MP: 7/7
  4924 | D:7      | Reached XP level 9. HP: 75/78 MP: 8/8
  4956 | D:7      | Reached skill level 5 in Dodging
  4970 | D:7      | Found a bloodstained altar of Trog.
  5093 | D:7      | Found a staircase to the Ecumenical Temple.
  5136 | D:7      | Gained mutation: You cannot study or use magical devices.
                  | [Ru sacrifice]
  5136 | D:7      | Reached ** piety under Ru
  5136 | D:7      | Reached *** piety under Ru
  5821 | D:7      | Found a burning altar of Makhleb.
  6074 | D:8      | Noticed Erica
  6099 | D:8      | Killed Erica
  6100 | D:8      | Reached skill level 10 in Axes
  6524 | D:8      | Noticed Maurice
  6547 | D:8      | Killed Maurice
  6650 | D:8      | Noticed Gastronok
  6685 | D:8      | Killed Gastronok
  6686 | D:8      | Reached XP level 10. HP: 44/90 MP: 9/9
  7099 | D:8      | Found Raur's Armour Emporium.
  7950 | D:9      | Noticed a centaur warrior
  7962 | D:9      | Killed a centaur warrior
  8007 | D:9      | Gained mutation: You cannot be stealthy. [Ru sacrifice]
  8007 | D:9      | Reached **** piety under Ru
  8153 | D:9      | Noticed Grum
  8169 | D:9      | Killed Grum
  8363 | D:9      | Noticed a two-headed ogre
  8371 | D:9      | Killed a two-headed ogre
  8984 | D:10     | Entered Level 10 of the Dungeon
  9023 | D:10     | Noticed a two-headed ogre
  9031 | D:10     | Killed a two-headed ogre
  9032 | D:10     | Reached XP level 11. HP: 81/97 MP: 10/10
  9299 | D:10     | Found a stormy altar of Qazlal.
  9574 | D:10     | Noticed Maggie
  9588 | D:10     | Killed Maggie
  9864 | D:11     | Found a staircase to the Lair.
  9960 | D:10     | Reached skill level 10 in Shields
 10077 | D:11     | Reached skill level 10 in Armour
 10215 | D:11     | Found a staircase to the Orcish Mines.
 10222 | D:11     | Reached skill level 10 in Fighting
 10342 | D:11     | Found a shadowy altar of Dithmenos.
 10680 | D:11     | Gained mutation: You are clumsy. (Dex -2) [Ru sacrifice]
 10680 | D:11     | Reached ***** piety under Ru
 10710 | D:11     | Noticed a seven-headed hydra
 10721 | D:11     | Killed a seven-headed hydra
 11233 | Lair:1   | Entered Level 1 of the Lair of Beasts
 12481 | Lair:1   | Noticed a six-headed hydra
 12497 | Lair:1   | Killed a six-headed hydra
 13005 | Lair:2   | Reached XP level 12. HP: 104/108 MP: 11/11
 13467 | Lair:2   | Found a staircase to the Shoals.
 13573 | Lair:2   | Reached skill level 15 in Axes
 13850 | Lair:3   | Noticed a four-headed hydra
 14010 | Lair:3   | Found a staircase to the Snake Pit.
 14070 | Lair:3   | Killed a four-headed hydra
 15264 | Lair:4   | Reached XP level 13. HP: 118/118 MP: 12/12
 15320 | Lair:4   | Found a staircase to the Slime Pits.
 15883 | Lair:5   | Entered Level 5 of the Lair of Beasts
 15922 | Lair:5   | Identified the +0 ring mail "Allin" {Harm *Corrode Int+4
                  | Slay+2}
 16257 | Lair:5   | Found the +8 whip "Snakebite" {venom, curare, rPois}
 18166 | Lair:5   | Noticed a fire dragon
 18394 | Lair:5   | Found a large runed translucent door.
 18834 | Lair:5   | Found a large runed translucent door.
 19101 | Lair:5   | Killed a fire dragon
 19330 | Orc:1    | Entered Level 1 of the Orcish Mines
 19338 | Orc:1    | Noticed Josephine
 19386 | D:11     | Killed Josephine
 19603 | Orc:2    | Entered Level 2 of the Orcish Mines
 19620 | Orc:2    | Found Qocsogei's Antique Armour Boutique.
 19624 | Orc:2    | Reached XP level 14. HP: 68/129 MP: 13/13
 20602 | Orc:2    | Noticed a stone giant
 20603 | Orc:2    | Found Qeplahy's Antique Weapon Emporium.
 20607 | Orc:2    | Killed a stone giant
 21118 | Orc:2    | Found Xashrou's General Store.
 21137 | Orc:2    | Found a staircase to the Elven Halls.
 21201 | Orc:2    | Found Qoxer's Book Shop.
 21359 | D:12     | Found a frozen archway.
 21432 | IceCv    | Entered an ice cave
 21591 | IceCv    | Found an ancient bone altar of Kikubaaqudgha.
 22764 | D:12     | Found a runed translucent door.
 22765 | D:12     | Noticed a storm dragon
 22765 | D:12     | Noticed a lich
 22766 | D:12     | Noticed Gipsak's ghost (journeyman MiBe)
 22777 | D:12     | Found a runed translucent door.
 22803 | D:12     | Reached skill level 10 in Dodging
 24232 | D:13     | Found a gate to the Vaults.
 24314 | D:13     | Reached XP level 15. HP: 126/139 MP: 14/14
 25275 | D:14     | Reached skill level 15 in Fighting
 25735 | D:15     | Entered Level 15 of the Dungeon
 25741 | D:15     | Noticed Louise
 25873 | D:15     | Reached skill level 15 in Shields
 25916 | D:14     | Banished Louise
 26668 | D:15     | Reached skill level 15 in Armour
 27056 | D:15     | Found a staircase to the Depths.
 27931 | Slime:1  | Entered Level 1 of the Pits of Slime
 28013 | Snake:1  | Entered Level 1 of the Snake Pit
 28050 | Snake:1  | Found the +3 hat of Pondering {ponderous, Will+ MP+10
                  | Int+5}
 28052 | Snake:1  | Noticed a nagaraja
 28382 | Snake:1  | Found a transporter.
 28388 | Snake:1  | Found a radiant altar of Vehumet.
 29025 | Snake:1  | Noticed a nagaraja
 29208 | Snake:2  | Found Toniasi's Distillery.
 30000 | Snake:2  | Reached skill level 1 in Long Blades
 30769 | Snake:3  | Found Quggili's Jewellery Shoppe.
 30784 | Snake:3  | Found Kuel's Magic Scroll Shop.
 30946 | Snake:3  | Reached XP level 16. HP: 100/152 MP: 15/15
 31538 | Snake:3  | Found Imoidec's Distillery.
 31665 | Snake:3  | Found Dolemim's Antique Weapon Shoppe.
 31668 | Snake:3  | Found Vayth's Jewellery Boutique.
 32187 | Snake:3  | Bought a scroll of acquirement for 936 gold pieces
 32187 | Snake:3  | Acquired a +2 broad axe of electrocution
 32782 | Snake:4  | Entered Level 4 of the Snake Pit
 32918 | Snake:4  | Found a shimmering altar of Xom.
 33575 | Snake:4  | Identified the +5 ring mail of Orav {+Blink Int-5 Dex+4}
 35955 | Snake:4  | Got a serpentine rune of Zot
 37182 | Shoals:1 | Entered Level 1 of the Shoals
 37182 | Shoals:1 | Found a runed translucent door.
 37358 | Shoals:1 | Noticed Xiwoan's ghost (adept GnFi)
 37598 | Shoals:1 | Reached XP level 17. HP: 166/166 MP: 16/16
 39320 | Shoals:2 | Found Hefyn's Magic Scroll Shoppe.
 39328 | Shoals:2 | Bought a scroll of blinking for 82 gold pieces
 39328 | Shoals:2 | Bought a scroll of blinking for 82 gold pieces
 39328 | Shoals:2 | Bought a scroll of blinking for 82 gold pieces
 39410 | Shoals:2 | Identified the +9 mace of Issokkest {flame, rC- Str+5}
 39460 | Shoals:2 | Noticed Polyphemus
 39552 | Shoals:2 | Killed Polyphemus
 41941 | Shoals:4 | Entered Level 4 of the Shoals
 42389 | Shoals:4 | Gained mutation: You cannot study or cast Ice magic. [Ru
                  | sacrifice]
 42389 | Shoals:4 | Gained mutation: You cannot study or cast Transmutations
                  | magic. [Ru sacrifice]
 42389 | Shoals:4 | Gained mutation: You cannot study or cast Necromancy magic.
                  | [Ru sacrifice]
 43265 | Shoals:4 | Got a barnacled rune of Zot
 43391 | Shoals:4 | Noticed Kirke
 43700 | Shoals:4 | Identified the +8 plate armour of the Watchman {rPois rN++
                  | rCorr Slay-3}
 43828 | Shoals:4 | Killed Kirke
 44012 | Shoals:4 | Reached XP level 18. HP: 180/180 MP: 17/17
 44214 | Elf:1    | Entered Level 1 of the Elven Halls
 46370 | Elf:1    | Noticed Azrael
 46392 | Elf:1    | Killed Azrael
 46721 | Elf:1    | Found Oney's Book Shop.
 46721 | Elf:1    | Found Defuaj's Jewellery Emporium.
 46722 | Elf:1    | Found Jypp's Jewellery Emporium.
 46781 | Elf:1    | Bought the amulet of the Four Winds {rN+ Will+++ Clar} for
                  | 728 gold pieces
 46781 | Elf:1    | Found the amulet of the Four Winds {rN+ Will+++ Clar}
 46819 | Elf:1    | Found Lirionuf's Assorted Antiques.
 46997 | Elf:1    | Noticed Zenata
 47008 | Elf:1    | Killed Zenata
 47251 | Elf:2    | Found Eli Ijia's General Store.
 47484 | Elf:2    | Reached skill level 15 in Dodging
 47751 | Elf:2    | Identified Roxanne's Grimoire of Changing
 47751 | Elf:2    | Noticed Roxanne
 48161 | Elf:2    | Found a runed translucent gate.
 48161 | Elf:2    | Found a runed translucent gate.
 48161 | Elf:2    | Found a runed translucent gate.
 48368 | Elf:2    | Killed Roxanne
 49188 | Elf:2    | Reached XP level 19. HP: 191/191 MP: 18/18
 49494 | Elf:3    | Entered Level 3 of the Elven Halls
 49877 | Elf:3    | Found Girromeig's Weapon Shoppe.
 50879 | Elf:3    | Noticed a Tzitzimitl
 51419 | Elf:3    | Identified the +1 plate armour of Dishonesty {rF+ Will++}
 52106 | Vaults:1 | Entered Level 1 of the Vaults
 53796 | Vaults:1 | Reached XP level 20. HP: 193/204 MP: 19/19
 56466 | Vaults:2 | Found a staircase to the Crypt.
 56558 | Vaults:3 | Identified the +2 leather armour of the Weaver {rC+ rN++
                  | Str+3 Dex+2}
 56870 | Vaults:3 | Noticed Nikola
 56881 | Vaults:3 | Killed Nikola
 57972 | Vaults:3 | Found Wuoloh's Distillery.
 57981 | Vaults:3 | Bought a potion of heal wounds for 80 gold pieces
 57981 | Vaults:3 | Bought a potion of heal wounds for 80 gold pieces
 57981 | Vaults:3 | Bought a potion of might for 64 gold pieces
 57988 | Vaults:3 | Found Bingirup's Armour Shop.
 57990 | Vaults:3 | Found Mangick's Assorted Antiques.
 58000 | Vaults:3 | Bought a potion of heal wounds for 225 gold pieces
 58000 | Vaults:3 | Bought a scroll of enchant weapon for 337 gold pieces
 58012 | Vaults:3 | Found Lisch's Antique Armour Boutique.
 58017 | Vaults:3 | Bought the -2 hat of the Alchemist {rElec rPois rF+ rC+ rN+
                  | Will+ rMut rCorr} for 1180 gold pieces
 58017 | Vaults:3 | Found the -2 hat of the Alchemist {rElec rPois rF+ rC+ rN+
                  | Will+ rMut rCorr}
 58375 | Vaults:3 | Found Vietil's Book Shop.
 58571 | Vaults:4 | Reached XP level 21. HP: 217/217 MP: 20/20
 58577 | Vaults:4 | Noticed a golden dragon
 58599 | Vaults:4 | Killed a golden dragon
 58655 | Vaults:4 | Found Orin's Armour Shop.
 58883 | Vaults:4 | Bought a +1 pair of boots of flying for 181 gold pieces
 59979 | Vaults:4 | Found a huge runed gate.
 59979 | Vaults:4 | Found a huge runed gate.
 59979 | Vaults:4 | Found a huge runed gate.
 59979 | Vaults:4 | Found a huge runed gate.
 59979 | Vaults:4 | Found a huge runed gate.
 59980 | Vaults:4 | Found a huge runed gate.
 59980 | Vaults:4 | Found a huge runed gate.
 59980 | Vaults:4 | Found a huge runed gate.
 59980 | Vaults:4 | Found a huge runed gate.
 59982 | Vaults:4 | Found a huge runed gate.
 59985 | Vaults:4 | Found a huge runed gate.
 59985 | Vaults:4 | Found a huge runed gate.
 59985 | Vaults:4 | Found a huge runed gate.
 59985 | Vaults:4 | Found a huge runed gate.
 59985 | Vaults:4 | Found a huge runed gate.
 59985 | Vaults:4 | Found a huge runed gate.
 59986 | Vaults:4 | Found a huge runed gate.
 59987 | Vaults:4 | Found a huge runed gate.
 60201 | Vaults:4 | Found a huge runed gate.
 60209 | Vaults:4 | Found a huge runed gate.
 60209 | Vaults:4 | Found a huge runed gate.
 60209 | Vaults:4 | Found a huge runed gate.
 60209 | Vaults:4 | Found a huge runed gate.
 60209 | Vaults:4 | Found a huge runed gate.
 60209 | Vaults:4 | Found a huge runed gate.
 60210 | Vaults:4 | Found a huge runed gate.
 60211 | Vaults:4 | Found a huge runed gate.
 60212 | Vaults:4 | Found a huge runed gate.
 60220 | Vaults:4 | Found a huge runed gate.
 60220 | Vaults:4 | Found a huge runed gate.
 60220 | Vaults:4 | Found a huge runed gate.
 60220 | Vaults:4 | Found a huge runed gate.
 60220 | Vaults:4 | Found a huge runed gate.
 60220 | Vaults:4 | Found a huge runed gate.
 60221 | Vaults:4 | Found a huge runed gate.
 60222 | Vaults:4 | Found a huge runed gate.
 60451 | Vaults:4 | Noticed a golden dragon
 60457 | Vaults:4 | Killed a golden dragon
 60618 | Vaults:5 | Entered Level 5 of the Vaults
 60796 | Vaults:4 | Reached XP level 22. HP: 92/231 MP: 12/21
 61709 | Vaults:5 | Reached skill level 27 in Fighting
 61720 | Vaults:5 | Identified the +12 dagger of the Equator {protect, rC+
                  | Dex+5}
 62136 | Vaults:5 | Got a silver rune of Zot
 62153 | Vaults:5 | Noticed a golden dragon
 62164 | Vaults:5 | Killed a golden dragon
 62267 | Vaults:5 | Identified the +10 battleaxe of Etinanazye {vorpal, rN++
                  | Int+3 SInv Stlth-}
 62370 | Vaults:5 | Found the +8 lance "Wyrmbane" {slay drac, rPois rF+ rC+
                  | AC+3}
 62391 | Vaults:5 | Identified the +8 war axe "Cedoowug" {antimagic, Int+3
                  | Dex+4}
 62626 | Vaults:5 | Got the Book of the Wind
 62633 | Vaults:5 | Reached skill level 1 in Polearms
 63333 | Depths:1 | Entered Level 1 of the Depths
 63411 | Depths:1 | Found a broken altar of Ashenzari.
 63531 | Depths:1 | Found a portal to a secret trove of treasure.
 64035 | Depths:1 | You paid a toll of +0 storm dragon scales to enter a
                  | treasure trove
 64036 | Trove    | Entered a treasure trove
 64050 | Trove    | Got Tuofobruen's Volume of the Brume
 64098 | Trove    | Got Heh Pogg's Teachings on Embers and Superposition
 64101 | Trove    | Got Penkojy's Volume of the Windy Excursion
 64245 | Depths:1 | Found a one-way gate to the infinite horrors of the Abyss.
 64272 | Depths:1 | Found a gateway to Hell.
 64891 | Depths:1 | Found a one-way gateway to a ziggurat.
 64893 | Depths:1 | Noticed Asterion
 64905 | Depths:1 | Killed Asterion
 65173 | Depths:2 | Found a one-way gate leading to the halls of Pandemonium.
 65261 | Depths:2 | Found Hoyroyj's Weapon Shoppe.
 65697 | Depths:3 | Noticed Frederick
 65709 | Depths:3 | Killed Frederick
 65721 | Depths:3 | Reached XP level 23. HP: 224/240 MP: 22/22
 65945 | Depths:3 | Found a sacrificial altar of Ru.
 66550 | Depths:3 | Noticed a juggernaut
 66580 | Depths:3 | Killed a juggernaut
 66606 | Depths:3 | Identified the +8 broad axe "Killer Klown's Peril" {holy,
                  | Fly rPois Dex+4}
 66705 | Depths:3 | Noticed a caustic shrike
 66717 | Depths:3 | Killed a caustic shrike
 67355 | Depths:3 | Reached skill level 5 in Polearms
 67921 | Depths:3 | Identified the +0 pair of boots of Purooteg {Slay+2}
 68216 | Depths:4 | Entered Level 4 of the Depths
 68285 | Depths:4 | Noticed a juggernaut
 68298 | Depths:4 | Killed a juggernaut
 68599 | Depths:4 | Found a gate to the Realm of Zot.
 68672 | Depths:4 | Found Xivvuil's General Store.
 68725 | Depths:4 | Found Qeijem Ente's Distillery.
 68745 | Depths:4 | Bought a potion of might for 64 gold pieces
 68745 | Depths:4 | Bought a potion of heal wounds for 80 gold pieces
 68745 | Depths:4 | Bought 2 potions of heal wounds for 160 gold pieces
 68817 | Depths:4 | Found Fimep's Armour Boutique.
 69083 | Depths:4 | Found Cetwel's Fire Supplies.
 69125 | Depths:4 | Found a gateway to a bazaar.
 69231 | Depths:4 | Reached XP level 24. HP: 249/249 MP: 22/22
 69673 | Elf:2    | Bought a scroll of teleportation for 42 gold pieces
 69673 | Elf:2    | Bought a potion of might for 56 gold pieces
 69762 | Orc:2    | Bought a scroll of blinking for 112 gold pieces
 69762 | Orc:2    | Bought a scroll of teleportation for 45 gold pieces
 69919 | Snake:2  | Bought a potion of might for 52 gold pieces
 69919 | Snake:2  | Bought a potion of heal wounds for 65 gold pieces
 69919 | Snake:2  | Bought 2 potions of haste for 260 gold pieces
 69919 | Snake:2  | Bought 2 potions of haste for 260 gold pieces
 69944 | Snake:3  | Bought a potion of might for 68 gold pieces
 69944 | Snake:3  | Bought a potion of cancellation for 136 gold pieces
 69944 | Snake:3  | Bought a potion of heal wounds for 85 gold pieces
 69944 | Snake:3  | Bought a potion of heal wounds for 85 gold pieces
 69944 | Snake:3  | Bought a potion of heal wounds for 85 gold pieces
 69944 | Snake:3  | Bought a potion of heal wounds for 85 gold pieces
 69997 | Snake:3  | Bought a scroll of enchant armour for 135 gold pieces
 69997 | Snake:3  | Bought a scroll of teleportation for 54 gold pieces
 70248 | Elf:1    | Bought a scroll of teleportation for 72 gold pieces
 70248 | Elf:1    | Bought a potion of might for 96 gold pieces
 70248 | Elf:1    | Bought a scroll of teleportation for 72 gold pieces
 70541 | Zot:1    | Entered Level 1 of the Realm of Zot
 70837 | Crypt:1  | Entered Level 1 of the Crypt
 71146 | Crypt:1  | Noticed a royal mummy
 71148 | Crypt:1  | Noticed Khufu
 71149 | Crypt:1  | Noticed a royal mummy
 71156 | Crypt:1  | Killed a royal mummy
 71162 | Crypt:1  | Killed a royal mummy
 71168 | Crypt:1  | Killed Khufu
 72179 | Crypt:2  | Noticed Jory
 72193 | Crypt:2  | Killed Jory
 72718 | Crypt:2  | Reached skill level 10 in Polearms
 72917 | Crypt:2  | Noticed Donald
 72924 | Crypt:2  | Killed Donald
 73754 | Crypt:3  | Entered Level 3 of the Crypt
 73895 | Crypt:3  | Noticed Bai Suzhen
 73925 | Crypt:3  | Killed Bai Suzhen
 74004 | Crypt:3  | Noticed a royal mummy
 74016 | Crypt:3  | Killed a royal mummy
 74676 | Crypt:3  | Found a staircase to the Tomb.
 74767 | Crypt:3  | Noticed Sojobo
 74768 | Crypt:3  | Found an ancient bone altar of Kikubaaqudgha.
 74782 | Crypt:3  | Killed Sojobo
 74864 | Crypt:3  | Reached XP level 25. HP: 171/257 MP: 22/22
 75072 | Crypt:3  | Noticed an ancient lich
 75076 | Crypt:3  | Killed an ancient lich
 75114 | Crypt:3  | Identified the +5 ring mail of Vosifeb {Will++}
 76477 | Zot:1    | Noticed an orb of fire
 76494 | Zot:1    | Killed an orb of fire
 77300 | Zot:2    | Acquired 827 gold pieces
 77352 | Zot:2    | Found the +4 dragonskin cloak
 77352 | Zot:2    | Noticed Tiamat
 77394 | Zot:2    | Killed Tiamat
 77884 | Zot:2    | Noticed a Killer Klown
 77901 | Zot:2    | Killed a Killer Klown
 79202 | Zot:3    | Reached XP level 26. HP: 266/266 MP: 22/22
 79261 | Zot:3    | Noticed an orb of fire
 79280 | Zot:3    | Gained mutation: Your body sometimes deteriorates upon
                  | taking damage. [an orb of fire]
 79284 | Zot:3    | Killed an orb of fire
 80278 | Zot:4    | Reached skill level 15 in Polearms
 80619 | Zot:5    | Entered Level 5 of the Realm of Zot
 82013 | Zot:5    | Reached skill level 27 in Shields
 82019 | Zot:5    | Noticed an orb of fire
 82030 | Zot:5    | Noticed an orb of fire
 82044 | Zot:5    | Killed an orb of fire
 82045 | Zot:5    | Reached skill level 27 in Armour
 82045 | Zot:5    | Noticed an ancient lich
 82056 | Zot:5    | Killed an orb of fire
 82063 | Zot:5    | Killed an ancient lich
 82398 | Zot:5    | Noticed an orb of fire
 82937 | Zot:5    | Killed an orb of fire
 83071 | Zot:5    | Noticed an orb of fire
 83075 | Zot:5    | Noticed a dread lich
 83075 | Zot:5    | Noticed an orb of fire
 83076 | Zot:5    | Killed a dread lich
 83086 | Zot:5    | Killed an orb of fire
 83093 | Zot:5    | Killed an orb of fire
 83131 | Zot:5    | Reached XP level 27. HP: 265/273 MP: 20/22
 84047 | Zot:5    | Got the Orb of Zot
 84630 | D:2      | Noticed Liwa the pandemonium lord
 84700 | D:$      | Escaped with the Orb!

Illustrated notes

Levels and vault maps discovered:
D:1:      lemuel_arrival_rhombus, layout_rooms,
          dreamdust_ecumenical_altar_drowned_temple, minmay_liquid_box,
          kennysheep_boxes
D:2:      layout_loops_cross, serial_shops, nicolae_shop_trees
D:3:      cheibrodos_old_hovel, layout_rooms, amcnicky_altar_gilded,
          general_overflow_altar, nicolae_yredelemnul_corpse_copse,
          nicolae_overflow_squiral
D:4:      layout_cave_pools, gammafunk_temple_overflow_statue,
          nicolae_stop_n_shop_1, minmay_distorted
D:5:      layout_loops_ring, chequers_temple_overflow_statue_of_worship,
          xom_teletrap_fun, kennysheep_cluttered_room, grunt_ministairs_7
D:6:      layout_rooms, uniq_pikel
D:7:      layout_basic, marbit_many_paths, mainiacjoe_overflow_paths,
          temple_pool_b
D:8:      layout_gridville, serial_shops, nicolae_lakefront_shop, uniq_erica,
          uniq_gastronok, uniq_maurice
D:9:      layout_grid_maze, uniq_grum
D:10:     layout_irregular_city, mainiacjoe_overflow_surrounded_room,
          uniq_maggie
D:11:     layout_long_grid, erik_lair_orcish_takeover, orc_0_dummy,
          nicolae_dithmenos_shadow_blocks
D:12:     layout_long_grid, serial_demonic, serial_demonic_a, serial_demonic_e,
          serial_demonic_c, serial_demonic_c, serial_demonic_f,
          portal_ice_cave_entry_ice_simulacra, muffindrake_ghost_dual_entry,
          chequers_serial_rivers_micro_c
D:13:     layout_long_grid, hangedman_vaults_entry_quadrant_bands
D:14:     layout_irregular_city, minmay_misc_feat_doors
D:15:     gammafunk_depths_entry_grave, layout_basic, hangedman_decor_slide_cut,
          uniq_louise
Lair:1:   layout_concentric_octagons, beast_lair_carwin_9
Lair:2:   layout_regular_city, elwin_shoals_entry_rooms, beast_lair_carwin_3
Lair:3:   layout_small_grid, guppyfry_snake_entry_garden, lemuel_fruit_tree,
          infiniplex_staircase_pool
Lair:4:   layout_roguey, slime_entry_1
Lair:5:   cheibrodos_lair_end_hotspot, layout_cellular_growth
Shoals:1: layout_shoals, hellmonk_ghost_happy_afterlife, yaktaur_hedge
Shoals:2: layout_shoals, serial_shops, nicolae_shop_hallway_stairs,
          uniq_polyphemus
Shoals:3: argonaut_golden_fleece, layout_shoals, nicolae_shoals_lost_giant_baths
Shoals:4: shoals_end_hellmonk_lost_city, uniq_kirke
Snake:1:  gammafunk_sealed_library, layout_onion_interference,
          nicolae_snake_salamander_stairs
Snake:2:  layout_onion_interference, serial_shops, shop
Snake:3:  layout_onion_interference, serial_shops, nicolae_shop_waterfront,
          nicolae_diamond_shop, nicolae_stop_n_shop_1, shop, shop,
          grunt_megastairs_3
Snake:4:  grunt_snake_rune_spirals, layout_onion_interference, basic_altar,
          drop_trap
Slime:1:  layout_caves, cheibrodos_slime_lost_civilization_4
Orc:1:    layout_caves, uniq_josephine
Orc:2:    grunt_orc_gardens, layout_caves, grunt_orc_garden, grunt_orc_garden,
          grunt_orc_garden, grunt_orc_garden
Elf:1:    elf_arrival_002, layout_geoelf_grid, serial_shops, shop_fountains,
          hangedman_elven_crosses_minicolossus, minmay_shop_grove, uniq_zenata,
          uniq_azrael
Elf:2:    elven_hall_of_blades_hangedman_original
          [nicolae_blade_entry_floor_patterns], layout_geoelf_octagon,
          roderic_roman_lattice, drop_trap, minmay_shop_grid_forest,
          small_statue_intersection, uniq_roxanne
Elf:3:    minmay_elf_hall_four_x, layout_loops_ring, serial_shops,
          nicolae_shop_crystal
Vaults:1: nicolae_vaults_circle_grid_a, hangedman_vaults_stream,
          nicolae_vaults_little_squares_4, nicolae_vaults_specimen_jars,
          vaults_dpeg_diagonal, nicolae_vaults_what_the_h, vaults_mumra_chevron,
          nicolae_vaults_diagonal_hallway_8, hangedman_vaults_impose,
          nicolae_vaults_alarming, ontoclasm_vaults_loading_screen,
          hangedman_vaults_trim, layout_vaults_ring
Vaults:2: mu_enter_wizlab_1, minmay_crypt_entry_simple_walls,
          ontoclasm_vaults_idyll, nicolae_vaults_windows_and_doors_thing,
          vaults_room_fancy_cross, nicolae_vaults_circle_grid_b, v_misc_3,
          v_misc_19, vaults_room_door_ring, layout_vaults_quadrants
Vaults:3: v_misc_25, nicolae_vaults_hallways_thing, hangedman_vaults_impose,
          nicolae_vaults_gold_heap, nicolae_vaults_three_branches, v_misc_28,
          vaults_dpeg_hooks, nicolae_vaults_little_squares_3,
          vaults_room_door_ring, layout_vaults_big_room, serial_shops,
          nicolae_shop_statue_plus, nicolae_shop_hallway_plus, shop,
          nicolae_shop_trees, nicolae_diamond_shop, uniq_margery, uniq_nikola
Vaults:4: vaults_standard_mumra_enter_the_diamond, vaults_standard_mumra_x,
          v_rooms_6, nicolae_vaults_little_squares_3, dpeg_vaults_monster_box,
          v_misc_9, v_misc_18, v_misc_17, grunt_vaults_hallway_long, door_vault,
          vaults_dpeg_doors, vaults_room_grid, grunt_vaults_focal,
          layout_vaults_maze_snakey
Vaults:5: serial_shops
Crypt:1:  layout_catacombs, uniq_khufu
Crypt:2:  layout_rooms, st_vampire_maze, uniq_donald, uniq_jory
Crypt:3:  evilmike_haunted_forest, uniq_sojobo, uniq_bai_suzhen
Depths:1: layout_gridlike, enter_ziggurat_d, abyss_entry,
          pf_vacation_house_of_asmodeus, chequers_serial_rivers_small_b,
          enter_trove_6, ashenzari_altar_1, serial_bayou_shore_a, uniq_asterion
Depths:2: dreamdust_hydra_shepherd, layout_cave_shapes, eino_curves_04,
          serial_shops, nicolae_shop_bloodbath_and_beyond,
          grunt_pan_entry_zigzag, hell_entry, grunt_ministairs_3
Depths:3: kennysheep_large_vault, layout_cave_pools, hell_entry,
          abyss_entry_crystal, nicolae_ru_awakened_eye, firewood_loft,
          uniq_frederick
Depths:4: grunt_zot_entry_bicorn, layout_cave_pools, serial_shops,
          bzr_entry_road, nicolae_square_shop, nicolae_shop_waterfront,
          nicolae_shop_trees, ebering_dispersal_statue_hall, grunt_hell_horde,
          pan_entry, nicolae_shop_fire_sale [nicolae_sub_dead_trees]
Zot:1:    evilmike_crystal_ball_defense, layout_concentric_octagons
Zot:2:    grunt_deathspiral_small, layout_concentric_octagons, uniq_tiamat
Zot:3:    layout_onion_interference, grunt_megastairs_1
Zot:4:    layout_onion_interference, uniq_josephina, uniq_grunn
Zot:5:    layout_basic

Skill      XL: |  1  2  3  4  5  6  7  8  9 10 11 12 13 14 15 16 17 18 19 20 21 22 23 24 25 26 27 |
---------------+----------------------------------------------------------------------------------+-----
Axes           | 3 4 5 7 8 11 12 14 16 17 18 19 21 22 24 | 24.2
Dodging        | 1 2 4 5 6 8 10 11 13 14 15 16 17 18 19 20 22 23 24 25 | 25.2
Fighting       | 4 5 6 8 9 10 12 13 14 16 18 20 22 23 25 26 27 | 27.0
Shields        | 4 5 6 8 9 11 12 13 14 15 16 17 18 19 20 21 22 24 25 26 27 | 27.0
Armour         | 4 5 6 8 9 10 12 13 14 15 16 17 18 19 20 21 22 24 25 26 27 | 27.0
Long Blades    | 1 2 |  2.5
Polearms       | 2 7 11 14 17 | 17.6

Action                   |  1- 3 |  4- 6 |  7- 9 | 10-12 | 13-15 | 16-18 | 19-21 | 22-24 | 25-27 || total
-------------------------+-------+-------+-------+-------+-------+-------+-------+-------+-------++-------
Melee: War axe           |    95 |    34 |       |       |       |       |       |       |       ||   129
       Headbutt          |     7 |    13 |    44 |    99 |   363 |   320 |   280 |   534 |   404 ||  2064
       Hand axe          |       |    77 |   192 |   461 |  1346 |    63 |       |       |       ||  2139
       Whip              |       |       |       |    32 |    13 |       |       |       |       ||    45
       Broad axe         |       |       |       |       |       |  1369 |  1035 |  1275 |   934 ||  4613
       Lance             |       |       |       |       |       |       |       |   446 |   327 ||   773
Invok: Sacrifice Love    |       |     1 |       |       |       |       |       |       |       ||     1
       Sacrifice Artific |       |       |     1 |       |       |       |       |       |       ||     1
       Sacrifice Stealth |       |       |       |     1 |       |       |       |       |       ||     1
       Sacrifice Purity  |       |       |       |     1 |       |       |       |       |       ||     1
       Reject Sacrifices |       |       |       |     1 |     2 |     1 |     1 |     2 |       ||     7
       Apocalypse        |       |       |       |       |     1 |     3 |     5 |     6 |     4 ||    19
       Draw Out Power    |       |       |       |       |       |     1 |       |       |       ||     1
       Sacrifice Arcana  |       |       |       |       |       |     1 |       |       |       ||     1
  Use: Potion            |       |     2 |     5 |       |     2 |     3 |     3 |     4 |     6 ||    25
       Scroll            |       |       |    12 |     7 |     9 |     5 |     5 |     9 |     3 ||    50
 Stab: Distracted        |       |       |     1 |       |     3 |     6 |     3 |     4 |     4 ||    21
       Invisible         |       |       |       |     4 |     8 |     8 |    13 |     7 |    12 ||    52
       Petrified         |       |       |       |       |     5 |       |       |       |       ||     5
       Paralysed         |       |       |       |       |     5 |       |    12 |     8 |     1 ||    26
       Petrifying        |       |       |       |       |     1 |       |       |       |       ||     1
       Confused          |       |       |       |       |       |       |       |       |     1 ||     1
Armor: Scale mail        |    75 |    16 |       |       |    34 |       |       |       |       ||   125
       Chain mail        |       |    42 |    47 |    62 |       |       |       |       |       ||   151
       Plate armour      |       |       |       |    92 |   324 |   316 |   232 |       |       ||   964
       Gold dragon scale |       |       |       |       |       |       |    56 |   481 |   391 ||   928
Dodge: Dodged            |    49 |    42 |    48 |   181 |   324 |   254 |   363 |   475 |   395 ||  2131
Block: Buckler           |    33 |     9 |       |       |       |       |       |       |       ||    42
       Kite shield       |       |    31 |    72 |   279 |   814 |    88 |       |       |       ||  1284
       Reflection        |       |       |       |       |    51 |   180 |       |       |       ||   231
       Tower shield      |       |       |       |       |       |  1139 |   881 |  1235 |   884 ||  4139

Table legend: (Time is in decaauts)
 A = Elapsed time spent in this place.
 B = Non-inter-level travel time spent in this place.
 C = Inter-level travel time spent in this place.
 D = Time resting spent in this place.
 E = Time spent auto-exploring this place.
 F = Levels seen in this place.
 G = Mean time per level.
                   A        B        C        D        E       F      G
               +--------+--------+--------+--------+--------+-----+--------+
         Total |  83316 |  76650 |   6666 |  10252 |  52743 |  53 | 1572.0 |
       Dungeon |  18764 |  16676 |   2088 |   1012 |  13222 |  15 | 1250.9 |
          Lair |   8008 |   7268 |    740 |    811 |   5315 |   5 | 1601.6 |
        Shoals |   7085 |   6796 |    289 |   1938 |   3515 |   4 | 1771.2 |
     Snake Pit |   9210 |   8751 |    459 |   1539 |   6143 |   4 | 2302.5 |
    Slime Pits |      1 |      1 |      0 |      0 |      0 |   1 |    1.0 |
  Orcish Mines |   2709 |   2292 |    417 |   1191 |    764 |   2 | 1354.5 |
   Elven Halls |   7324 |   6859 |    465 |    812 |   4700 |   3 | 2441.3 |
        Vaults |  11847 |  10974 |    873 |   1919 |   7324 |   5 | 2369.4 |
         Crypt |   3906 |   3697 |    209 |      0 |   2794 |   3 | 1302.0 |
        Depths |   5642 |   4975 |    667 |    387 |   3311 |   4 | 1410.5 |
           Zot |   8028 |   7572 |    456 |    643 |   5225 |   5 | 1605.6 |
         Trove |     80 |     80 |      0 |      0 |     48 |   1 |   80.0 |
      Ice Cave |    706 |    706 |      0 |      0 |    381 |   1 |  706.0 |
               +--------+--------+--------+--------+--------+-----+--------+

Top non-repeatable levels by time:
 Snake:4: 3589 daAuts
   Zot:5: 3289 daAuts
Vaults:4: 3288 daAuts
   Elf:1: 2899 daAuts
Vaults:2: 2852 daAuts
   Elf:2: 2653 daAuts
Shoals:3: 2635 daAuts
 Snake:3: 2467 daAuts
Vaults:1: 2448 daAuts
  Lair:5: 2408 daAuts
    D:14: 2315 daAuts
Depths:3: 2082 daAuts
Vaults:3: 2027 daAuts
 Snake:2: 1959 daAuts
  Lair:4: 1912 daAuts
